 Dungeon Crawl Stone Soup version 0.20.1-1-g8b1a95d (webtiles) character file.

604 AverageBear the Cutter (level 7, -4/40 HPs)
             Began as a Deep Elf Fighter on July 17, 2017.
             Slain by a gnoll
             ... wielding a +2 spear of distortion
              (12 damage)
             ... on level 6 of the Dungeon.
             The game lasted 00:04:36 (3726 turns).

AverageBear the Cutter (Deep Elf Fighter)           Turns: 3726, Time: 00:04:36

Health: -4/40      AC:  6    Str: 15    XL:     7   Next: 18%
Magic:  9/9        EV:  9    Int: 13    God:
Gold:   182        SH:  8    Dex: 14    Spells: 6/6 levels left

rFire    . . .     SeeInvis .   t - +0 short sword (elec)
rCold    + . .     Gourm    .   c - +0 shield
rNeg     . . .     Faith    .   b - +0 scale mail
rPois    .         Spirit   .   (no helmet)
rElec    .         Reflect  .   (no cloak)
rCorr    .         Harm     .   (no gloves)
MR       .....                  (no boots)
Stlth    ..........             s - amulet of regeneration
Regen    0.6/turn               p - ring of protection from cold
MPRegen  0.2/turn               (no ring)

@: hasted, very quick
A: no striking features
a: no special abilities


You were on level 6 of the Dungeon.
You were not hungry.

You visited 1 branch of the dungeon, and saw 6 of its levels.

You collected 182 gold pieces.

Inventory:

Hand Weapons
 a - a +0 rapier
 m - a +0 dagger of draining
 t - a +0 short sword of electrocution (weapon)
Missiles
 n - 2 throwing nets (quivered)
Armour
 b - a +0 scale mail (worn)
 c - a +0 shield (worn)
Jewellery
 p - a ring of protection from cold (left hand)
 r - an uncursed amulet of rage
 s - an amulet of regeneration (around neck)
Wands
 u - a wand of paralysis (24/24)
Scrolls
 e - a scroll of amnesia
 h - 5 scrolls of remove curse
 i - 2 scrolls of fear
 o - a scroll of noise
 q - 2 scrolls of teleportation
 y - a scroll of recharging
Potions
 d - a potion of might
 j - 2 potions of haste
 v - 3 potions of lignification
 x - a potion of invisibility
 z - a potion of resistance
 A - a potion of heal wounds
Comestibles
 f - 3 bread rations
 g - 4 chunks of flesh
 k - a meat ration
 l - 10 fruits
 w - a royal jelly


   Skills:
 - Level 2.4 Fighting
 - Level 6.1 Short Blades
 - Level 2.4 Armour
 + Level 5.8 Dodging
 - Level 2.4 Shields


You had 6 spell levels left.
You didn't know any spells.

Dungeon Overview and Level Annotations

Branches:
Dungeon (5/15)
 Temple: D:4-7

Altars:
Dithmenos
Elyvilon
Sif Muna
Uskayaw
The Shining One


Message History

The gnoll shaman is heavily wounded.
The gnoll shaman closely misses you.
The gnoll hits you from afar with a spear of distortion.
You blink.
Found a robe.
You hit the gnoll shaman but do no damage.
The gnoll shaman is heavily wounded.
You hit the gnoll shaman but do no damage.
Lightning courses through the gnoll shaman!
The gnoll shaman is almost dead.
The gnoll hits you from afar with a spear of distortion.
Space bends around you.
* * * LOW HITPOINT WARNING * * *
You hit the gnoll shaman.
You kill the gnoll shaman!
The gnoll barely misses you.
The gnoll hits you with a spear of distortion.
* * * LOW HITPOINT WARNING * * *
Space warps horribly around you!
You die...

#.........#
##.......##
##.....##
##...## ##'##
#.# #)#
#######g#######
..[....@.......
#####.....##.#.
##.......#
#..#..###
#.##....# #.
....# ## ###...
####


You could see a gnoll.

Vanquished Creatures
  The ghost of AverageBear the Cutter, an amateur DEFi (D:3)
  A big kobold (D:4)
  The ghost of Bicycle the Sneak, an amateur SpEn (D:4)
  A scorpion (D:4)
  A bullfrog skeleton (D:4)
  A gnoll shaman (D:6)
  A hound (D:5)
  A worker ant (D:4)
  2 orc wizards
  3 gnolls (D:6)
  5 adders
  3 worms (D:2)
  3 dart slugs
  7 leopard geckos
  10 orcs
  6 bats
  5 giant cockroaches
  8 goblins
  7 hobgoblins
  9 jackals
  4 kobolds
  2 quokkas
  A ball python (D:2)
  3 frilled lizards
  A leopard gecko skeleton (D:4)
  10 rats
97 creatures vanquished.

Notes
Turn   | Place    | Note
-------+----------+-------------------------------------------
     0 | D:1      | AverageBear the Deep Elf Fighter began the quest for the Orb.
     0 | D:1      | Reached XP level 1. HP: 13/13 MP: 3/3
   126 | D:1      | Reached XP level 2. HP: 14/18 MP: 4/4
   258 | D:1      | Reached skill level 3 in Short Blades
   606 | D:1      | Reached XP level 3. HP: 22/22 MP: 5/5
  1304 | D:2      | Reached skill level 4 in Short Blades
  1692 | D:2      | Reached XP level 4. HP: 27/27 MP: 6/6
  1888 | D:2      | Found a faded altar of an unknown god.
  2074 | D:3      | Reached skill level 5 in Short Blades
  2213 | D:3      | Reached XP level 5. HP: 26/31 MP: 7/7
  2480 | D:3      | Noticed a dagger
  2480 | D:3      | Noticed a dagger
  2486 | D:3      | Found a hide-covered altar of Uskayaw.
  2667 | D:3      | Found a deep blue altar of Sif Muna.
  2669 | D:3      | Found a shadowy altar of Dithmenos.
  2670 | D:3      | Found a white marble altar of Elyvilon.
  2789 | D:3      | Noticed AverageBear's ghost (amateur DEFi)
  2798 | D:3      | Killed AverageBear's ghost
  2798 | D:3      | Reached skill level 6 in Short Blades
  3114 | D:4      | Found a glowing golden altar of the Shining One.
  3166 | D:4      | Reached XP level 6. HP: 28/36 MP: 8/8
  3511 | D:4      | Noticed Bicycle's ghost (amateur SpEn)
  3524 | D:4      | Killed Bicycle's ghost
  3553 | D:5      | Entered Level 5 of the Dungeon
  3592 | D:5      | Reached skill level 5 in Dodging
  3593 | D:5      | Reached XP level 7. HP: 33/40 MP: 9/9
  3694 | D:5      | You fall through a shaft!
  3726 | D:6      | Slain by a gnoll

Skill      XL: |  1  2  3  4  5  6 |
---------------+-------------------+-----
Short Blades   | 3 4 5 6 |  6.1
Dodging        | 2 5 |  5.8
Fighting       | |  2.4
Armour         | |  2.4
Shields        | |  2.4

Action                   |  1- 3 |  4- 6 |  7- 9 || total
-------------------------+-------+-------+-------++-------
Melee: Rapier            |   116 |       |       ||   116
       Dagger            |    32 |       |       ||    32
       Short sword       |    17 |   171 |    41 ||   229
Throw: Throwing net      |     2 |       |       ||     2
  Use: Potion            |     1 |     2 |     2 ||     5
       Scroll            |       |    11 |       ||    11
 Stab: Held in net/web   |     1 |       |       ||     1
  Eat: Chunk             |     3 |     4 |     2 ||     9
Armor: Scale mail        |    57 |    62 |    10 ||   129
Dodge: Dodged            |    37 |    37 |    12 ||    86
Block: Shield            |    74 |    61 |    18 ||   153
